 Dungeon Crawl Stone Soup version 0.31.0-32-g396128a36d (webtiles) character file.

Game seed: 6927852786358996765

3421 spaghetti the Grave Robber (level 9, -16/68 HPs)
             Began as a Demonspawn Chaos Knight on Mar 21, 2024.
             Was a Plaything of Xom.
             Shot with an arrow by a centaur warrior (20 damage)
             ... on level 9 of the Dungeon.
             The game lasted 00:10:39 (7530 turns).

spaghetti the Grave Robber (DsCK)                   Turns: 7530, Time: 00:10:39

Health: -16/68     AC:  9    Str: 16    XL:     9   Next: 76%
Magic:  23/24      EV: 13    Int: 12    God:    Xom [...*..]
Gold:   355        SH:  0    Dex: 17    Spells: 11/16 levels left

rFire   . . .        t - +3 demon blade (venom)
rCold   x . .        (no shield)
rNeg    . . .        b - +2 leather armour
rPois   +            i - +0 helmet
rElec   .            v - scarf of the Doldrums {shadows, rC- Str+3 Slay+3 SInv}
rCorr   .            r - +0 pair of gloves
SInv    +            m - +0 pair of boots
Will    .....        (no amulet)
Stlth   ++           s - ring of magical power
HPRegen 0.31/turn    z - ring of poison resistance
MPRegen 0.19/turn

%: no passive effects
@: about to teleport
A: claws 1, demonic guardian 1, foul stench 1, wild magic 1, MP-powered wands
a: Renounce Religion


You were on level 9 of the Dungeon.
You worshipped Xom.
You were a favourite toy of Xom.
You visited 1 branch of the dungeon, and saw 9 of its levels.

You collected 355 gold pieces.

Inventory:

Hand Weapons
 g - a +1 mace of protection
 t - a +3 demon blade of venom (weapon)
Armour
 b - a +2 leather armour (worn)
 i - a +0 helmet (worn)
 m - a +0 pair of boots (worn)
 r - a +0 pair of gloves (worn)
 v - the scarf of the Doldrums (worn) {shadows, rC- Str+3 Slay+3 SInv}
   (You found it on level 4 of the Dungeon)

   Str+3:     It affects your strength (+3).
   Slay+3:    It affects your accuracy & damage with ranged weapons and melee
   (+3).
   rC-:       It makes you vulnerable to cold.
   SInv:      It lets you see invisible.
Jewellery
 s - a ring of magical power (left hand)
 z - a ring of poison resistance (right hand)
Wands
 a - a wand of mindburst (1)
 c - a wand of polymorph (6)
 p - a wand of iceblast (5)
Scrolls
 f - 5 scrolls of immolation
 k - a scroll of noise
 l - 2 scrolls of poison
 o - a scroll of enchant armour
 q - 2 scrolls of fog
Potions
 d - 2 potions of might
 n - 2 potions of curing
 w - a potion of mutation


   Skills:
 + Level 5.6 Fighting
 - Level 2.6 Short Blades
 + Level 4.7 Armour
 + Level 4.3 Dodging
 - Level 3.8 Stealth
 - Level 0.6 Unarmed Combat
 + Level 4.1 Spellcasting
 - Level 7.0 Necromancy
 + Level 4.0 Translocations
 + Level 4.0 Evocations


You had 11 spell levels left.
You knew the following spells:

 Your Spells              Type           Power      Damage    Failure   Level
a - Fugue of the Fallen   Necr           25%        N/A       7%          3
b - Blink                 Tloc           30%        N/A       12%         2

Your spell library contained the following spells:

 Spells                   Type           Power      Damage    Failure   Level
 Lesser Beckoning         Tloc           30%        N/A       12%         2
 Momentum Strike          Conj/Tloc      18%        3d8       24%         2
 Freeze                   Ice            12%        1d3       34%         1
 Ensorcelled Hibernation  Hex/Ice        6%         N/A       45%         2
 Anguish                  Hex/Necr       7%         N/A       61%         4
 Frozen Ramparts          Ice            6%         1d1       69%         3
 Hailstorm                Conj/Ice       3%         3d5       69%         3
 Vhi's Electric Charge    Tloc/Air       18%        N/A       82%         4
 Leda's Liquefaction      Alch/Erth      1%         N/A       97%         4
 Petrify                  Alch/Erth      3%         N/A       97%         4
 Arcjolt                  Conj/Air       1%         1d11      100%        5
 Metabolic Englaciation   Hex/Ice        1%         N/A       100%        5
 Plasma Beam              Fire/Air       1%         2x1d11    100%        6


Dungeon Overview and Level Annotations

Branches:
Dungeon (8/15)             Temple (0/1) D:5
   Lair: D:8-11

Altars:
Ashenzari
Dithmenos
Gozag
Hepliaklqana
Nemelex Xobeh
Okawaru
Ru
Uskayaw
Wu Jian
Xom
Yredelemnul

Shops:
D:4 :((   D:5 [

Annotations:
D:3 1 runed translucent door, Crazy Yiuf
D:4 1 runed translucent door
D:6 2 transporters, yey's ghost, novice VSFi


Innate Abilities, Weirdness & Mutations

You have sharp fingernails.
A weak demonic guardian rushes to your aid.
You may rarely emit foul miasma when damaged in melee.
Your spells are a little harder to cast, but a little more powerful.
You expend magic power (3 MP) to strengthen your wands.


Message History

You are too injured to fight recklessly!
You are too injured to fight recklessly!
Unknown command.
A cyclops comes into view.
The meliai misses you.
The meliai hits your ufetubus with a +1 hand axe of flaming!
The meliai burns your ufetubus.
Your ufetubus dies!
Your ufetubus disappears in a puff of smoke!
The meliai stings you!
You emit a cloud of foul miasma!
Okay, then.
You slash the meliai!
The meliai is severely wounded.
The meliai is engulfed in dark miasma.
The meliai is poisoned.
The meliai closely misses you. The meliai stings you.
The meliai is engulfed in dark miasma.
The meliai looks even sicker.
You kill the meliai!
The centaur warrior shoots an arrow.
The arrow hits you!
The centaur warrior shoots an arrow.
The arrow hits you.
Your Spellcasting skill increases to level 4!
Your Translocations skill increases to level 4!
Your Evocations skill increases to level 4!
Unknown command.
Unknown command.
Okay, then.
Okay, then.
As you read the scroll of teleportation, it crumbles to dust.
You feel strangely unstable.
The centaur warrior shoots an arrow.
The arrow hits you!
* * * LOW HITPOINT WARNING * * *
The centaur warrior shoots an arrow.
The arrow hits you!
* * * LOW HITPOINT WARNING * * *
Unknown command.
Unknown command.
Okay, then.
Okay, then.
The centaur warrior shoots an arrow.
The arrow misses you.
The centaur warrior shoots an arrow.
The arrow hits you!!
You die...
Xom snickers!

# ##### #. #.##.
#B## #.#.. #### #..
#.#..##..##
#.##.c###.##.#....#
...8.c§.@..##.##..+
#..##.###....#.##.#
#.. ##..##..#.#
#C##
#####)..#.#...# #.
#....).## #...# #
#####)### #.#.#
##.....###...#
##.......##.#.#
#...#.#...#.#.#


You could see 2 centaur warriors.

Vanquished Creatures
  An ugly thing (D:9)
  A meliai (D:9)
  Jeremiah (D:7)
  A wraith (D:9)
  Eustachio (D:5)
  2 sky beasts (D:7)
  3 orc warriors
  2 black bears
  2 ogres
  2 centaurs
  A phantom (D:7)
  A gnoll sergeant (D:7)
  2 bullfrogs
  A scorpion (D:4)
  A howler monkey (D:7)
  2 jellies
  An orc priest (D:7)
  2 gnoll boudas
  3 hounds (D:5)
  4 orc wizards
  A sleepcap (D:5)
  3 iguanas
  9 gnolls
  9 adders
  A river rat (D:1)
  A shadow imp (D:6)
  5 ufetubi
  4 dart slugs
  A ribbon worm (D:2)
  29 orcs
  13 ball pythons
  9 bats
  10 endoplasms
  6 giant cockroaches
  9 goblins
  7 hobgoblins
  6 jackals
  5 kobolds
  4 quokkas
  8 frilled lizards
  A goblin skeleton (D:4)
  A jackal skeleton (D:4)
  A kobold skeleton (D:4)
  6 rats
183 creatures vanquished.

Vanquished Creatures (collateral kills)
  A hound (D:4)
  3 gnolls (D:7)
  4 orcs
8 creatures vanquished.

Grand Total: 191 creatures vanquished

Notes
Turn   | Place    | Note
-------+----------+-------------------------------------------
     0 | D:1      | spaghetti the Demonspawn Chaos Knight began the quest for
                  | the Orb.
     0 | D:1      | Reached XP level 1. HP: 18/18 MP: 1/1
   158 | D:1      | Reached skill level 1 in Stealth
   226 | D:1      | XOM: divination: magic mapping
   235 | D:1      | Gained mutation: You may rarely emit foul miasma when
                  | damaged in melee. [demonic ancestry]
   235 | D:1      | Reached XP level 2. HP: 20/24 MP: 2/2
   239 | D:1      | XOM: divination: detect items
   323 | D:1      | Reached XP level 3. HP: 26/29 MP: 3/3
   453 | D:1      | XOM: divination: magic mapping
   708 | D:1      | XOM: divination: detect creatures
   794 | D:1      | Found a faded altar of an unknown god.
  1026 | D:2      | XOM: silly message
  1039 | D:2      | XOM: smoke on damage
  1040 | D:2      | Gained mutation: You have sharp fingernails. [demonic
                  | ancestry]
  1040 | D:2      | Reached XP level 4. HP: 32/35 MP: 4/4
  1174 | D:2      | Learned a level 3 spell: Fugue of the Fallen
  1197 | D:2      | XOM: silly message
  1256 | D:2      | XOM: butterfly on damage
  1267 | D:2      | Reached skill level 1 in Necromancy
  1474 | D:2      | XOM: silly message
  1623 | D:3      | Found an ornate altar of the Wu Jian Council.
  1638 | D:3      | Reached skill level 2 in Necromancy
  1661 | D:3      | XOM: silly message
  1922 | D:3      | Found a sparkling altar of Nemelex Xobeh.
  2037 | D:3      | Found a runed translucent door.
  2038 | D:3      | Noticed Crazy Yiuf
  2048 | D:3      | XOM: 3-stop teleportation journey
  2151 | D:3      | Gained mutation: A weak demonic guardian rushes to your
                  | aid. [demonic ancestry]
  2151 | D:3      | Reached XP level 5. HP: 38/41 MP: 5/5
  2167 | D:3      | XOM: smoke on damage
  2242 | D:3      | XOM: noise
  2605 | D:4      | Found Ytzuunig's Weapon Shop.
  2658 | D:4      | Found a shadowy altar of Dithmenos.
  2659 | D:4      | Reached skill level 3 in Necromancy
  2702 | D:4      | Identified the +5 ring mail of Rotation {*Slow rF+ rC+
                  | Str+7}
  2725 | D:4      | Found a runed translucent door.
  2726 | D:4      | Found a basalt altar of Yredelemnul.
  2726 | D:4      | Noticed a human
  2776 | D:4      | Found Toixe's Weapon Shop.
  2890 | D:4      | Reached skill level 4 in Necromancy
  3084 | D:4      | Reached XP level 6. HP: 43/47 MP: 6/6
  3189 | D:4      | Reached skill level 5 in Necromancy
  3256 | D:4      | Found Tuetasomn's Book Shoppe.
  3339 | D:4      | Found a broken altar of Ashenzari.
  3446 | D:4      | XOM: give mutation
  3446 | D:4      | Gained mutation: You occasionally shout uncontrollably at
                  | your foes. [Xom's mischief]
  3651 | D:4      | Identified the scarf of the Doldrums {shadows, rC- Str+3
                  | Slay+3 SInv}
  3688 | D:5      | Entered Level 5 of the Dungeon
  3705 | D:5      | Reached skill level 6 in Necromancy
  3708 | D:5      | Noticed Eustachio
  3721 | D:5      | XOM: confusion
  3722 | D:5      | Killed Eustachio
  3723 | D:5      | Reached XP level 7. HP: 34/52 MP: 7/7
  3746 | D:5      | Found an opulent altar of Gozag.
  3861 | D:5      | Reached skill level 7 in Necromancy
  3899 | D:5      | Learned a level 2 spell: Blink
  3939 | D:5      | XOM: polymorph adder -> endoplasm
  3999 | D:5      | XOM: fake destruction
  4005 | D:5      | Reached skill level 1 in Dodging
  4099 | D:5      | XOM: god gift: 34 gold pieces
  4263 | D:5      | Found Bets's Antique Armour Shop.
  4263 | D:5      | XOM: cloud trail
  4329 | D:5      | XOM: 1-stop teleportation journey
  4373 | D:5      | Lost mutation: You occasionally shout uncontrollably at
                  | your foes. [potion of mutation]
  4373 | D:5      | Gained mutation: Your spells are a little harder to cast,
                  | but a little more powerful. [potion of mutation]
  4373 | D:5      | Gained mutation: You expend magic power (3 MP) to
                  | strengthen your wands. [potion of mutation]
  4385 | D:5      | Reached skill level 1 in Translocations
  4389 | D:5      | Reached skill level 1 in Spellcasting
  4477 | D:5      | Found a hide-covered altar of Uskayaw.
  4526 | D:5      | XOM: god gift: shiny ivory wand {god gift}
  4660 | D:5      | Found a staircase to the Ecumenical Temple.
  4832 | D:6      | Found an iron altar of Okawaru.
  4904 | D:6      | Reached XP level 8. HP: 59/59 MP: 3/10
  5038 | D:6      | Found a transporter.
  5038 | D:6      | Noticed yey's ghost (novice VSFi)
  5046 | D:6      | Found a transporter.
  5299 | D:6      | XOM: cast spell 'Animate Armour'
  5307 | D:6      | Reached skill level 1 in Evocations
  5739 | D:6      | Found a sacrificial altar of Ru.
  5740 | D:6      | Found a hazy altar of Hepliaklqana.
  5898 | D:7      | XOM: stealth player
  5911 | D:7      | XOM: scenery: summon butterflies
  6121 | D:7      | XOM: scenery: create altars
  6335 | D:7      | XOM: destruction
  6336 | D:7      | Noticed Jeremiah
  6338 | D:7      | XOM: swap monsters
  6345 | D:8      | Noticed a two-headed ogre
  6487 | D:7      | XOM: draining
  6684 | D:7      | XOM: enchant monster (good)
  6685 | D:7      | XOM: swap monsters
  6700 | D:7      | Killed Jeremiah
  6710 | D:7      | Reached XP level 9. HP: 20/66 MP: 13/13
  7033 | D:7      | XOM: summons 4 hostile shadow creatures
  7039 | D:7      | You fall into a shaft and drop 2 floors!
  7172 | D:9      | XOM: smoke on damage
  7174 | D:9      | Reached skill level 5 in Fighting
  7377 | D:9      | Noticed a green ugly thing
  7380 | D:9      | XOM: chaos cloud
  7384 | D:9      | Killed a green ugly thing
  7400 | D:9      | XOM: summons 2 friendly demons
  7525 | D:9      | Noticed a meliai
  7525 | D:9      | Noticed a centaur warrior
  7525 | D:9      | Noticed a white ugly thing
  7526 | D:9      | Noticed a centaur warrior
  7526 | D:9      | Noticed a boulder beetle
  7527 | D:9      | Noticed a cyclops
  7528 | D:9      | Killed a meliai
  7530 | D:9      | Shot with an arrow by a centaur warrior

Illustrated notes

Levels and vault maps discovered:
D:1:      nzn_arrival_settlement, layout_basic,
          chequers_ecumenical_altar_simple_redux
D:2:      layout_rooms
D:3:      layout_loops_cross, nemelex_spade_bored_becter,
          nicolae_wu_jian_wuxing_cycle, uniq_crazy_yiuf_cottage
D:4:      minmay_bubble_buster, layout_loops_ring, nicolae_ashenzari_panopticon,
          grunt_dithmenos_smoke_and_mirrors, dk_yredelemnul_ordeal,
          serial_shops, nicolae_lakefront_shop, nicolae_shop_trees,
          nicolae_shop_crystal, ebering_dispersal_statue_hall,
          nrook_mini_backslash
D:5:      layout_cave_pools, grunt_gozag_breadcrumbs,
          mainiacjoe_overflow_small_starburst, temple_green,
          serial_column_ruins, column_ruins_square_huge, column_ruins_hut,
          column_ruins_grid_1, column_ruins_open_small,
          column_ruins_columns_straight, column_ruins_columns_corner,
          serial_shops, shop, uniq_eustachio
D:6:      layout_basic, mainiacjoe_overflow_paths, jmf_multi_god_temple,
          gammafunk_ghost_arena
D:7:      layout_rooms, elyvilon_altar_4, nicolae_qazlal_general_emergency,
          uniq_jeremiah
D:8:      layout_cave_pools, lemuel_zombie_altar_kikubaaqudgha,
          david_lair_shrubbed, uniq_maggie, uniq_erica, uniq_amaemon
D:9:      minmay_the_grid_3x2 [minmay_the_grid_plusring, minmay_the_grid_fan,
          minmay_the_grid_holed_spiral, minmay_the_grid_broken_lines,
          minmay_the_grid_tiny_cups, minmay_the_grid_prize_trominoes],
          layout_loops_cross, general_overflow_altar, kennysheep_generic_room_13

Skill      XL: |  1  2  3  4  5  6  7  8  9 |
---------------+----------------------------+-----
Stealth        | 2 3 |  3.8
Necromancy     | 2 4 6 7 |  7.0
Dodging        | 2 3 4 |  4.3
Armour         | 2 3 4 |  4.7
Translocations | 1 3 4 |  4.0
Spellcasting   | 1 3 4 |  4.1
Evocations     | 2 4 |  4.0
Fighting       | 4 5 |  5.6
Short Blades   | |  2.6
Unarmed Combat | |  0.6

Action                     |  1- 3 |  4- 6 |  7- 9 || total
---------------------------+-------+-------+-------++-------
  Melee: Short sword       |    98 |       |       ||    98
         Mace              |    47 |    29 |       ||    76
         Punch             |     1 |     4 |     2 ||     7
         Unarmed           |       |   172 |       ||   172
         Demon blade       |       |    50 |   197 ||   247
   Cast: Fugue of the Fall |       |     1 |    18 ||    19
  Evoke: Wand              |       |       |     9 ||     9
    Use: Scroll            |     3 |       |    13 ||    16
         Potion            |       |       |     9 ||     9
   Stab: Sleeping          |     6 |    14 |     3 ||    23
         Confused          |     1 |       |       ||     1
         Paralysed         |     1 |       |       ||     1
         Distracted        |       |       |     1 ||     1
 Armour: Leather armour    |   123 |   173 |   233 ||   529
         Skin              |       |       |    24 ||    24
  Dodge: Dodged            |   154 |   195 |   188 ||   537
